 Dungeon Crawl Stone Soup version 0.31-a0-844-gdc52ec4e09 (webtiles) character file.

Game seed: 6920426573369388019

23923 pokeman the Eclecticist (level 12, -21/67 HPs)
             Began as a Deep Elf Hedge Wizard on Sept 29, 2023.
             Was an Elder of Vehumet.
             Demolished by a tyrant leech (27 damage)
             ... on level 2 of the Lair of Beasts.
             The game lasted 00:37:43 (15802 turns).

pokeman the Eclecticist (Deep Elf Hedge Wizard)    Turns: 15802, Time: 00:37:44

Health: -21/67     AC: 13    Str: 13    XL:     12   Next: 76%
Magic:  29/34      EV: 13    Int: 25    God:    Vehumet [****..]
Gold:   674        SH:  0    Dex: 14    Spells: 27/44 levels left

rFire   . . .        (no weapon)
rCold   . . .        (no shield)
rNeg    . . .        y - +0 steam dragon scales
rPois   .            I - +0 helmet
rElec   .            X - +1 cloak
rCorr   +            N - +2 pair of gloves "Baplioss" {rF- Str+6}
SInv    .            j - +0 pair of boots
Will    +....        W - amulet of magic regeneration
Stlth   ++           z - ring of resist corrosion
HPRegen 0.31/turn    O - ring of protection from fire
MPRegen 0.64/turn

%: no passive effects
@: no status effects
A: no striking features
a: Renounce Religion


You were on level 2 of the Lair of Beasts.
You worshipped Vehumet.
Vehumet was greatly pleased with you.
You visited 3 branches of the dungeon, and saw 15 of its levels.
You also visited: Bailey.

You collected 802 gold pieces.
You spent 128 gold pieces at shops.

Inventory:

Hand Weapons
 u - a +1 dagger of electrocution
 F - a +2 quarterstaff of chaos
 G - a +2 glaive of pain
 U - a +1 short sword of venom
Missiles
 K - 2 throwing nets
 P - 8 curare-tipped darts
Armour
 j - a +0 pair of boots (worn)
 y - +0 steam dragon scales (worn)
 B - a +2 ring mail of cold resistance
 I - a +0 helmet (worn)
 N - the +2 pair of gloves "Baplioss" (worn) {rF- Str+6}
   (You found it in a bailey)

   Str+6:     It affects your strength (+6).
   rF-:       It makes you vulnerable to fire.
 T - the +1 robe of Nuyqus Geycw {Str+4}
   (You found it on level 10 of the Dungeon)

   Str+4:     It affects your strength (+4).
 X - a +1 cloak (worn)
Magical Staves
 c - a staff of conjuration
 v - a staff of earth
 D - a staff of cold
Jewellery
 z - a ring of resist corrosion (left hand)
 L - the ring of Mitus {rElec rPois MP-9 AC+4}
   (You took it off an orc warrior in a bailey)

   [ring of protection]

   AC+4:      It affects your AC (+4).
   rElec:     It insulates you from electricity.
   rPois:     It protects you from poison MP-9: It affects your magic capacity
   (-9).
 O - a ring of protection from fire (right hand)
 S - a ring of see invisible
 W - an amulet of magic regeneration (around neck)
Wands
 b - a wand of roots (12)
 p - a wand of flame (17)
 R - a wand of polymorph (4)
Scrolls
 a - 4 scrolls of noise {unknown}
 e - 9 scrolls of identify {unknown}
 g - 5 scrolls of fear {unknown}
 l - 3 scrolls of silence {unknown}
 m - 3 scrolls of blinking {unknown}
 n - 4 scrolls of enchant armour {unknown}
 o - 2 scrolls of butterflies {unknown}
 q - 5 scrolls of poison {unknown}
 r - 3 scrolls of teleportation {unknown}
 t - 2 scrolls of fog {unknown}
 w - 6 scrolls of immolation {unknown}
 x - 2 scrolls of revelation {unknown}
 A - 5 scrolls of brand weapon {unknown}
 J - 4 scrolls of enchant weapon {unknown}
Potions
 d - 2 potions of magic
 f - 2 potions of enlightenment {unknown}
 h - 3 potions of lignification {unknown}
 i - 7 potions of heal wounds {unknown}
 k - 2 potions of mutation {unknown}
 s - a potion of invisibility {unknown}
 C - 4 potions of curing {unknown}
 E - 5 potions of haste {unknown}
 H - a potion of berserk rage {unknown}
 M - a potion of experience
 Q - 2 potions of degeneration {unknown}
 V - a potion of might {unknown}


   Skills:
 + Level 4.4 Fighting
 - Level 4.0 Armour
 - Level 3.1 Dodging
 - Level 3.0 Stealth
 - Level 4.0 Shields
 * Level 16.8 Spellcasting
 + Level 10.0 Conjurations
 - Level 1.1 Summonings
 + Level 0.8 Necromancy
 - Level 1.1 Translocations
 - Level 1.2 Transmutations
 + Level 9.0 Fire Magic
 - Level 1.0 Ice Magic
 - Level 1.0 Air Magic
 + Level 8.9 Earth Magic
 - Level 1.1 Poison Magic
 - Level 1.1 Evocations


You had 27 spell levels left.
You knew the following spells:

 Your Spells              Type           Power      Damage    Failure   Level
a - Magic Dart            Conj           100%       1d8       1%          1
b - Mephitic Cloud        Conj/Pois/Air  41%        N/A       1%          3
c - Call Imp              Summ           52%        N/A       2%          2
d - Blink                 Tloc           52%        N/A       2%          2
e - Flame Wave            Conj/Fire      62%        2d14      1%          4
f - Irradiate             Conj/Tmut      24%        3d19      1%          5

Your spell library contained the following spells:

 Spells                   Type           Power      Damage    Failure   Level
 Stone Arrow              Conj/Erth      100%       3d13      1%          3
 Apportation              Tloc           52%        N/A       1%          1
 Necrotise                Necr           100%       1d9       1%          1
 Summon Small Mammal      Summ           100%       N/A       1%          1
 Momentum Strike          Conj/Tloc      98%        3d10      1%          2
 Scorch                   Fire           100%       2d9       1%          2
 Slow                     Hex            84%        N/A       2%          1
 Cigotuvi's Dreadful Rot  Necr/Pois/Air  52%        N/A       2%          2
 Lesser Beckoning         Tloc           52%        N/A       2%          2
 Sublimation of Blood     Necr           25%        N/A       2%          2
 Petrify                  Tmut/Erth      46%        N/A       3%          4
 Summon Cactus Giant      Summ           13%        N/A       94%         6


Dungeon Overview and Level Annotations

Branches:
Dungeon (12/15)            Temple (1/1) D:6            Lair (2/5) D:10
  Snake (0/4) Lair:2          Orc (0/2) D:12         Bailey (visited)
  Swamp: Lair:2-3    Shoals: Lair:2-3

Altars:
Cheibriados
Dithmenos
Elyvilon
Fedhas
Gozag
Hepliaklqana
Kikubaaqudgha
Makhleb
Nemelex Xobeh
Okawaru
Qazlal
Ru
Sif Muna
Trog
Uskayaw
Vehumet
Wu Jian
Xom
Yredelemnul
Zin
The Shining One

Shops:
D:4 *

Annotations:
D:12 Azrael


Message History

Casting: Flame Wave (safe; 1% risk of failure)
Press: ? - help, Dir - look around, f - activate A wave of flame ripples out!
The flame wave engulfs the skyshark.
The skyshark is lightly wounded. (Press . to intensify the flame waves.)
The skyshark bites you!
The skyshark tastes blood and grows stronger!
The skyshark closely misses you.
The skyshark tail-slaps you but does no damage.
A wave of flame ripples out!
The flame wave engulfs the skyshark!
The skyshark is lightly wounded.
The tree burns like a torch!
A swamp worm and a tyrant leech come into view.
A cane toad comes into view.
A five-headed hydra comes into view.
The forest fire spreads!
Unknown command.
A wave of flame ripples out!
The flame wave engulfs the skyshark!
The skyshark is moderately wounded.
The flame wave engulfs the swamp worm!!
The swamp worm is heavily wounded.
The tree burns like a torch!
The swamp worm fires a harpoon shot at you.
The harpoon shot hits you.
You are yanked forward by the harpoon shot.
The forest fire spreads!
Unknown command.
You are engulfed in a forest fire.
The swamp worm bites you but does no damage.
The five-headed hydra is engulfed in a forest fire.
The five-headed hydra closely misses you.
The five-headed hydra bites you! The five-headed hydra bites you.
* * * LOW HITPOINT WARNING * * *
The five-headed hydra bites you!
* * * LOW HITPOINT WARNING * * *
The five-headed hydra bites you.
* * * LOW HITPOINT WARNING * * *
The skyshark barely misses you. The skyshark completely misses you. x2
The tyrant leech is engulfed in a forest fire.
The tyrant leech bites you!!
You die...

##.. ##....... ##..#
#........ ##...##
###....<. #.#...#
##..#.. ##.....
#.#... ####.#...####
#.####. P...........#
## ##.
........l..#### #..
♣.♣♣♣w@....#.# ###
♣.FwD§§...## #####
♣.§.....§♣...# #.#..
♣.§§♣♣...♣....# #...
♣~§ §.§♣♣...##
#####..# §§
§≈≈§§♣♣...###P#...##
. ≈≈...♣............#
♣♣...♣♣♣..........###
♣..##P##......


You could see a skyshark (strong, confused), a five-headed hydra, a tyrant
leech, a cane toad and a swamp worm.

Vanquished Creatures
  Josephine (D:12)
  A two-headed ogre (D:12)
  A tengu warrior (D:12)
  Urug (D:12)
  An orc knight (Bailey)
  2 ugly things
  2 cyclopes
  A manticore (D:11)
  An elephant (D:10)
  A black mamba (Lair:1)
  6 cane toads
  2 gargoyles
  2 unseen horrors
  3 kobold demonologists (D:11)
  A rime drake (Lair:1)
  Maggie (Lair:2)
  3 komodo dragons
  A polar bear (Lair:1)
  A hornet (D:10)
  2 trolls
  14 blink frogs
  Sigmund (D:2)
  A shadow (D:11)
  3 wyverns
  4 wraiths (D:12)
  13 yaks
  2 fire elementals (D:12)
  2 basilisks (D:10)
  4 steam dragons
  2 nagas (Lair:2)
  2 water moccasins
  Duvessa (D:6)
  A hell hound (D:12)
  11 orc warriors
  4 black bears
  3 sky beasts
  2 ogres (D:6)
  A phantom (D:5)
  5 centaurs
  4 kobold brigands
  2 gnoll sergeants
  5 bullfrogs
  2 scorpions (D:5)
  3 wights (D:7)
  Dowan (D:6)
  9 killer bees (D:7)
  8 electric eels (D:10)
  7 howler monkeys
  4 hounds
  An iron imp (D:6)
  5 gnoll boudas
  A jelly (D:5)
  8 orc priests
  Crazy Yiuf (D:6)
  2 iguanas (D:4)
  7 orc wizards
  A statue (D:6)
  22 gnolls
  7 adders
  2 shadow imps
  A white imp (D:6)
  2 ufetubi (D:5)
  4 worms
  2 dart slugs
  40 orcs
  8 endoplasms
  3 giant cockroaches
  10 goblins
  5 hobgoblins
  4 jackals (D:1)
  4 quokkas
  6 ball pythons
  4 bats
  4 frilled lizards
  17 kobolds
  5 rats
331 creatures vanquished.

Notes
Turn   | Place    | Note
-------+----------+-------------------------------------------
     0 | D:1      | pokeman the Deep Elf Hedge Wizard began the quest for the
                  | Orb.
     0 | D:1      | Reached XP level 1. HP: 10/10 MP: 7/7
   381 | D:1      | Reached XP level 2. HP: 16/16 MP: 6/9
  1204 | D:1      | Reached skill level 5 in Spellcasting
  1377 | D:2      | Found a faded altar of an unknown god.
  1398 | D:2      | Reached XP level 3. HP: 15/20 MP: 7/11
  1402 | D:2      | Learned a level 3 spell: Mephitic Cloud
  1405 | D:2      | Learned a level 2 spell: Call Imp
  1408 | D:2      | Learned a level 2 spell: Blink
  1748 | D:2      | Noticed Sigmund
  1842 | D:2      | Killed Sigmund
  1843 | D:2      | Reached skill level 1 in Fighting
  1843 | D:2      | Reached skill level 1 in Armour
  1843 | D:2      | Reached skill level 6 in Spellcasting
  1843 | D:2      | Reached XP level 4. HP: 16/26 MP: 7/14
  1843 | D:2      | Reached XP level 5. HP: 18/30 MP: 7/15
  2280 | D:2      | Learned a level 4 spell: Flame Wave
  2286 | D:2      | Learned a level 5 spell: Irradiate
  2695 | D:3      | Found a basalt altar of Yredelemnul.
  3128 | D:3      | Reached XP level 6. HP: 35/35 MP: 13/17
  3541 | D:4      | Found a blossoming altar of Fedhas.
  3804 | D:4      | Found Pabag's Assorted Antiques.
  3837 | D:4      | Reached skill level 7 in Spellcasting
  3918 | D:4      | Reached skill level 1 in Evocations
  3999 | D:4      | Bought a scroll labelled HUHAQE FEATAIKH for 32 gold pieces
  3999 | D:4      | Bought a scroll labelled AXASATWOHA for 32 gold pieces
  3999 | D:4      | Bought a scroll labelled ILLI SIERUUNOQ for 32 gold pieces
  3999 | D:4      | Bought a scroll labelled PEXOLO SURPH for 32 gold pieces
  4022 | D:4      | Noticed a steam dragon
  4045 | D:4      | Killed a steam dragon
  4046 | D:4      | Reached skill level 1 in Transmutations
  4046 | D:4      | Reached skill level 1 in Poison Magic
  4046 | D:4      | Reached XP level 7. HP: 31/39 MP: 10/20
  4570 | D:5      | Entered Level 5 of the Dungeon
  4583 | D:5      | Reached skill level 8 in Spellcasting
  4670 | D:5      | Reached skill level 1 in Fire Magic
  4686 | D:5      | Reached skill level 1 in Air Magic
  4686 | D:5      | Reached skill level 1 in Earth Magic
  5014 | D:5      | Reached XP level 8. HP: 23/44 MP: 14/22
  5155 | D:5      | Found a stormy altar of Qazlal.
  5240 | D:5      | Reached skill level 9 in Spellcasting
  5643 | D:6      | Noticed Duvessa
  5650 | D:6      | Noticed Dowan
  5660 | D:6      | Killed Dowan
  5673 | D:6      | Killed Duvessa
  5823 | D:6      | Noticed a +0 short sword
  5823 | D:6      | Noticed a +0 spear
  5824 | D:6      | Noticed a +0 short sword
  5824 | D:6      | Noticed a +0 spear
  5825 | D:6      | Noticed a +0 dagger
  5825 | D:6      | Noticed a +0 falchion
  5827 | D:6      | Noticed a +0 dagger
  5830 | D:6      | Noticed a +0 falchion
  5834 | D:6      | Found a hide-covered altar of Uskayaw.
  5983 | D:6      | Reached skill level 5 in Conjurations
  6131 | D:6      | Found a snail-covered altar of Cheibriados.
  6299 | D:6      | Found a staircase to the Ecumenical Temple.
  6307 | Temple   | Entered the Ecumenical Temple
  6371 | D:6      | Found a radiant altar of Vehumet.
  6385 | D:6      | Became a worshipper of Vehumet
  6456 | D:6      | Found a runed translucent door.
  6457 | D:6      | Noticed Crazy Yiuf
  6481 | D:6      | Killed Crazy Yiuf
  6482 | D:6      | Reached skill level 10 in Spellcasting
  6610 | D:7      | Found a white marble altar of Elyvilon.
  6673 | D:7      | Reached skill level 1 in Ice Magic
  6805 | D:7      | Reached XP level 9. HP: 48/48 MP: 19/25
  6918 | D:7      | Reached * piety under Vehumet
  6918 | D:7      | Offered knowledge of Kiss of Death by Vehumet.
  7119 | D:7      | You fall into a shaft and drop 1 floor!
  7262 | D:8      | Reached skill level 11 in Spellcasting
  7328 | D:8      | Found a flagged portal.
  7338 | Bailey   | Entered a bailey
  7926 | Bailey   | Identified the ring of Mitus {rElec rPois MP-9 AC+4}
  7960 | Bailey   | Reached skill level 5 in Fire Magic
  7977 | Bailey   | Reached skill level 5 in Earth Magic
  8019 | Bailey   | Noticed an orc knight
  8034 | Bailey   | Killed an orc knight
  8035 | Bailey   | Reached skill level 12 in Spellcasting
  8035 | Bailey   | Reached XP level 10. HP: 43/56 MP: 12/28
  8195 | Bailey   | Identified the +2 pair of gloves "Baplioss" {rF- Str+6}
  8229 | D:8      | Reached ** piety under Vehumet
  8432 | D:7      | Offered knowledge of Freeze by Vehumet.
  9181 | D:9      | Found an ancient bone altar of Kikubaaqudgha.
  9186 | D:9      | Reached skill level 13 in Spellcasting
  9419 | D:9      | Found an ornate altar of the Wu Jian Council.
  9419 | D:9      | Found a glowing golden altar of the Shining One.
  9663 | D:9      | Found a hazy altar of Hepliaklqana.
  9763 | D:9      | Found a shadowy altar of Dithmenos.
  9868 | D:10     | Entered Level 10 of the Dungeon
  9937 | D:10     | Identified the +1 robe of Nuyqus Geycw {Str+4}
  9937 | D:10     | Noticed a gargoyle
  9942 | D:10     | Killed a gargoyle
 10200 | D:10     | Paralysed by a hornet for 1 turns
 10202 | D:10     | Noticed a cyclops
 10228 | D:10     | Killed a cyclops
 10229 | D:10     | Reached XP level 11. HP: 40/61 MP: 11/30
 11211 | D:10     | Found a staircase to the Lair.
 11326 | D:10     | Reached skill level 14 in Spellcasting
 11340 | D:10     | Reached skill level 1 in Shields
 11462 | D:10     | Offered knowledge of Searing Ray by Vehumet.
 11707 | D:11     | Noticed a sixfirhy
 11711 | D:11     | Reached *** piety under Vehumet
 11898 | D:11     | Noticed a green ugly thing
 11910 | D:11     | Killed a brown ugly thing
 12803 | D:12     | Found a staircase to the Orcish Mines.
 12848 | D:12     | Noticed a tengu warrior
 12882 | D:12     | Killed a tengu warrior
 12882 | D:12     | Offered knowledge of Dazzling Flash by Vehumet.
 12883 | D:12     | Reached skill level 15 in Spellcasting
 13043 | D:12     | Noticed Josephine
 13047 | D:12     | Noticed a red ugly thing
 13053 | D:12     | Killed Josephine
 13054 | D:12     | Killed a red ugly thing
 13195 | D:12     | Noticed Urug
 13239 | D:12     | Killed Urug
 13240 | D:12     | Reached XP level 12. HP: 36/66 MP: 14/33
 13352 | D:12     | Noticed a two-headed ogre
 13360 | D:12     | Killed a two-headed ogre
 13712 | D:12     | Noticed Azrael
 13896 | Lair:1   | Entered Level 1 of the Lair of Beasts
 14128 | Lair:1   | Reached skill level 16 in Spellcasting
 14201 | Lair:1   | Reached **** piety under Vehumet
 15078 | Lair:2   | Offered knowledge of Stone Arrow by Vehumet.
 15337 | Lair:2   | Found a staircase to the Snake Pit.
 15383 | Lair:2   | Noticed Maggie
 15389 | Lair:2   | Killed Maggie
 15390 | Lair:2   | Reached skill level 10 in Conjurations
 15800 | Lair:2   | Noticed a five-headed hydra
 15802 | Lair:2   | Demolished by a tyrant leech

Illustrated notes

Levels and vault maps discovered:
D:1:      dpeg_arrival_court, layout_basic, minmay_shallow_snake_nest
D:2:      layout_loops_ring, ebering_ecumenical_altar_abandoned,
          supply_closet_lemuel, corexii_shack, uniq_sigmund
D:3:      layout_loops_ring, mainiacjoe_overflow_concentric_impassable
D:4:      layout_rooms, lemuel_doored_altar, serial_shops, shop,
          chequers_mini_garden, minmay_misc_feat_alley
D:5:      layout_basic, grunt_qazlal_clouds, minmay_between
D:6:      layout_cave_pools, nicolae_overflow_hidden_temple, vehumet_statue,
          nicolae_uskayaw_en_pointe, slow_altar_2,
          minmay_temple_entry_glassed_door, minmay_misc_feat_chi, uniq_duvessa,
          uniq_crazy_yiuf_cottage
D:7:      layout_basic, elyvilon_altar_1
D:8:      layout_cave_pools, enter_bailey_6
D:9:      layout_basic, nicolae_dithmenos_through_a_glass_darkly,
          kiku_gazebo_pond_becter, nicolae_overflow_crystal_walls,
          chequers_temple_overflow_statue_of_worship,
          chequers_serial_rivers_small_b, nicolae_the_louvre
D:10:     layout_basic, david_lair_generic, grunt_decor_resistance
D:11:     layout_gridville
D:12:     layout_irregular_city, orc_0_dummy, uniq_azrael, uniq_josephine,
          uniq_urug
Temple:   dpeg_three_leaves_temple
Lair:1:   layout_misc_corridors, grunt_megastairs_5
Lair:2:   layout_cave_pods, palyth_hydra_swamp_entry,
          minmay_snake_entry_guardpost_small, grunt_megastairs_3,
          infiniplex_staircase_pool_2, uniq_maggie

Skill      XL: |  1  2  3  4  5  6  7  8  9 10 11 12 |
---------------+-------------------------------------+-----
Spellcasting   | 5 6 7 8 10 12 13 15 16 | 16.8
Fighting       | 1 2 3 4 |  4.4
Armour         | 1 2 3 4 |  4.0
Conjurations   | 2 3 4 5 6 7 9 10 | 10.0
Stealth        | 3 |  3.0
Dodging        | 3 |  3.1
Evocations     | 1 |  1.1
Transmutations | 1 |  1.2
Poison Magic   | 1 |  1.1
Fire Magic     | 2 3 5 6 8 9 |  9.0
Air Magic      | 1 |  1.0
Earth Magic    | 2 3 5 6 7 8 |  8.9
Ice Magic      | 1 |  1.0
Shields        | 3 4 |  4.0
Summonings     | |  1.1
Necromancy     | |  0.8
Translocations | |  1.1

Action                     |  1- 3 |  4- 6 |  7- 9 | 10-12 || total
---------------------------+-------+-------+-------+-------++-------
  Melee: Dagger            |    14 |    21 |    76 |    44 ||   155
         Short sword       |       |       |       |    13 ||    13
         Punch             |       |       |       |     1 ||     1
   Cast: Magic Dart        |    81 |   118 |   233 |   171 ||   603
         Mephitic Cloud    |     3 |     6 |    35 |    60 ||   104
         Blink             |       |     2 |     1 |       ||     3
         Call Imp          |       |     1 |     3 |     4 ||     8
         Flame Wave        |       |       |    16 |    75 ||    91
         Irradiate         |       |       |       |    19 ||    19
  Evoke: Wand              |       |       |     3 |     1 ||     4
   Stab: Confused          |     1 |     2 |    14 |     9 ||    26
 Armour: Robe              |     6 |    23 |       |       ||    29
         Steam dragon scal |       |       |    77 |   222 ||   299
  Dodge: Dodged            |     6 |    22 |   112 |   167 ||   307

Table legend: (Time is in decaauts)
 A = Elapsed time spent in this place.
 B = Non-inter-level travel time spent in this place.
 C = Inter-level travel time spent in this place.
 D = Time resting spent in this place.
 E = Time spent auto-exploring this place.
 F = Levels seen in this place.
 G = Mean time per level.
                   A        B        C        D        E       F      G
               +--------+--------+--------+--------+--------+-----+--------+
         Total |  15921 |  15601 |    320 |   1495 |  11366 |  16 |  995.1 |
       Dungeon |  13157 |  12842 |    315 |   1151 |   9523 |  12 | 1096.4 |
        Temple |      5 |      5 |      0 |      0 |      0 |   1 |    5.0 |
          Lair |   1777 |   1773 |      4 |      0 |   1511 |   2 |  888.5 |
        Bailey |    981 |    981 |      0 |    344 |    331 |   1 |  981.0 |
               +--------+--------+--------+--------+--------+-----+--------+

Top non-repeatable levels by time:
    D:10: 1964 daAuts
     D:1: 1330 daAuts
     D:4: 1301 daAuts
     D:2: 1182 daAuts
     D:7: 1178 daAuts
    D:11: 1132 daAuts
    D:12: 1084 daAuts
     D:6: 1040 daAuts
  Bailey: 981 daAuts
     D:3: 971 daAuts
  Lair:1: 908 daAuts
  Lair:2: 869 daAuts
     D:5: 750 daAuts
     D:9: 743 daAuts
     D:8: 475 daAuts
